 Dungeon Crawl Stone Soup version 0.29-a0-962-gc8bbfd0a37 (webtiles) character file.

Game seed: 13916567714109707885

13496 avis the Skirmisher (level 11, 0/84 HPs)
             Began as a Demigod Ice Elementalist on July 29, 2022.
             Slain by a death yak (15 damage)
             ... on level 1 of the Lair of Beasts on July 30, 2022.
             The game lasted 02:16:14 (15726 turns).

avis the Skirmisher (Demigod Ice Elementalist)     Turns: 15726, Time: 02:16:15

Health: 0/84       AC: 18    Str:  9    XL:     11   Next: 48%
Magic:  22/31      EV: 15    Int: 17    God:
Gold:   165        SH:  0    Dex: 26    Spells: 10/20 levels left

rFire   . . .      SeeInvis .   a - +5 longbow
rCold   . . .      Faith    .   (shield currently unavailable)
rNeg    . . .      Spirit   .   P - +3 steam dragon scales
rPois   .          Reflect  .   F - +2 hat
rElec   .          Harm     .   r - +0 cloak
rCorr   .          Rampage  .   (no gloves)
Will    +....                   (no boots)
Stlth   +++.......              j - amulet of the acrobat
HPRegen 0.24/turn               q - ring of magical power
MPRegen 0.22/turn               O - +4 ring of slaying

@: ice-armoured, freezing walls, very slightly contaminated
A: high MP 1, forlorn, divine attributes
a: no special abilities


You were on level 1 of the Lair of Beasts.
You visited 3 branches of the dungeon, and saw 13 of its levels.
You also visited: Ossuary.

You collected 616 gold pieces.
You spent 451 gold pieces at shops.

Inventory:

Hand Weapons
 a - a +5 longbow (weapon)
 b - a +2 vorpal scimitar
 c - a +0 long sword of protection
 f - a +4 morningstar
 n - a +4 great sword of freezing
 p - a +4 spear
 s - a +3 spear
 v - a +2 antimagic falchion
 y - a +1 dagger of venom
 I - a +4 dagger
 S - the +3 falchion "Ofueleix" {freeze, rF- rC+ Int+5 Dex+4}
   (You found it on level 5 of the Dungeon)

   It freezes those it strikes, dealing additional cold damage.
   It can also slow down cold-blooded creatures.
   Int:       It affects your intelligence (+5).
   Dex:       It affects your dexterity (+4).
   rF:        It makes you vulnerable to fire.
   rC:        It protects you from cold.
 T - a +1 scimitar of holy wrath
 X - a +1 short sword of speed
 Z - a +2 morningstar of venom
Missiles
 w - 2 curare-tipped darts
 D - 9 poisoned darts
Armour
 r - a +0 cloak (worn)
 F - a +2 hat (worn)
 P - +3 steam dragon scales (worn)
 R - a +0 troll leather armour
Jewellery
 d - a ring of protection from fire
 j - an amulet of the acrobat (around neck)
 q - a ring of magical power (left hand)
 E - a ring of see invisible
 H - an amulet of magic regeneration
 O - a +4 ring of slaying (right hand)
 W - a ring of positive energy
Wands
 h - a wand of digging (4)
 K - a wand of flame (30)
 L - a wand of roots (5)
 U - a wand of polymorph (5)
Scrolls
 o - 3 scrolls of teleportation
 t - a scroll of blinking
 z - 2 scrolls of butterflies
 J - 3 scrolls of fear
 M - a scroll of amnesia
 V - a scroll of acquirement
Potions
 e - 3 potions of berserk rage
 g - 4 potions of flight
 i - 3 potions of brilliance
 k - 2 potions of might
 l - 2 potions of haste
 m - 5 potions of curing
 u - 3 potions of cancellation
 x - 4 potions of resistance
 B - a potion of ambrosia
 C - a potion of lignification
 G - a potion of mutation
 N - a potion of magic
 Y - a potion of invisibility {unknown}
Miscellaneous
 Q - a piece from Xom's chessboard (15/15)


   Skills:
 - Level 4.0 Fighting
 * Level 12.7 Ranged Weapons
 - Level 4.0 Dodging
 - Level 4.0 Stealth
 - Level 5.0 Spellcasting
 - Level 8.0 Ice Magic
 - Level 5.0 Air Magic


You had 10 spell levels left.
You knew the following spells:

 Your Spells              Type           Power      Damage    Failure   Level
a - Freeze                Ice            100%       1d11      1%          1
f - Swiftness             Air            21%        N/A       5%          3
o - Ozocubu's Armour      Ice            31%        N/A       1%          3
r - Frozen Ramparts       Ice            62%        1d8       1%          3

Your spell library contained the following spells:

 Spells                   Type           Power      Damage    Failure   Level
 Shock                    Conj/Air       48%        1d6       4%          1
 Poisonous Vapours        Pois/Air       24%        N/A       8%          2
 Necrotise                Necr           16%        1d4       14%         1
 Sting                    Tmut/Pois      16%        1d3       14%         1
 Airstrike                Air            10%        0-4+      19%         4
 Hailstorm                Conj/Ice       17%        3d6       26%         4
 Call Canine Familiar     Summ           4%         N/A       38%         3
 Confusing Touch          Hex            4%         N/A       38%         3
 Gell's Gravitas          Tloc           4%         N/A       38%         3
 Lesser Beckoning         Tloc           4%         N/A       38%         3
 Portal Projectile        Hex/Tloc       8%         N/A       38%         3
 Stone Arrow              Conj/Erth      8%         3d7       38%         3
 Teleport Other           Tloc           4%         N/A       38%         3
 Tukima's Dance           Hex            4%         N/A       38%         3
 Vampiric Draining        Necr           4%         2d6       38%         3
 Summon Lightning Spire   Summ/Air       12%        N/A       45%         4
 Animate Armour           Summ/Erth      8%         N/A       80%         4
 Iskenderun's Mystic Bla  Conj/Tloc      4%         2d3       80%         4
 Leda's Liquefaction      Hex/Erth       2%         N/A       80%         4
 Olgreb's Toxic Radiance  Pois           4%         N/A       80%         4
 Agony                    Necr           4%         N/A       98%         5
 Blade Hands              Tmut           2%         N/A       98%         5
 Fireball                 Conj/Fire      2%         3d4       98%         5
 Yara's Violent Unravell  Hex/Tmut       2%         3d3       98%         5
 Ozocubu's Refrigeration  Ice            15%        4d8       99%         7
 Starburst                Conj/Fire      2%         6d3       100%        6
 Enfeeble                 Hex            2%         N/A       100%        7
 Storm Form               Tmut/Air       6%         N/A       100%        7
 Ignition                 Fire           2%         3d3       100%        8
 Lehudib's Crystal Spear  Conj/Erth      2%         10d2      100%        8
 Maxwell's Capacitive Co  Air            10%        ∞         100%        8


Dungeon Overview and Level Annotations

Branches:
Dungeon (11/15)            Temple (1/1) D:6            Lair (1/5) D:11
    Orc (0/2) D:10        Ossuary (visited)

Shops:
D:8 *   D:10 !   D:11 ?=((*


Innate Abilities, Weirdness & Mutations

You have an increased reservoir of magic. (+10% MP)
You shall have no god before yourself.
Your divine heritage dramatically boosts your attributes as you level up.


Message History

There is a staircase back to the Dungeon, spattered with blood here.
Casting: Frozen Ramparts (safe; 1% risk of failure)
Confirm with . or Enter, or press ? or * to list all spells.
A film of ice covers your body! The death yak gores you!
The death yak gores you but does no damage.
Casting: Ozocubu's Armour (safe; 1% risk of failure)
Confirm with . or Enter, or press ? or * to list all spells.
Casting: Frozen Ramparts (safe; 1% risk of failure)
Press: ? - help, Dir - look around, f - activate A staircase back to the Dungeon, spattered with blood.
The walls around you are covered in ice.
The wall freezes the death yak.
The death yak gores you!
The wall freezes the death yak.
The death yak gores you!
* * * LOW HITPOINT WARNING * * *
You feel much better.
The wall freezes the death yak.
The death yak gores you!
The wall freezes the death yak.
The death yak gores you.
You feel much better.
The wall freezes the death yak.
The death yak gores you.
The wall freezes the death yak!
The death yak barely misses you.
Casting: Frozen Ramparts (safe; 1% risk of failure)
Confirm with . or Enter, or press ? or * to list all spells.
Aiming: Freeze (safe; 1% risk of failure)
Press: ? - help, Shift-Dir - straight line, f - death yak
Aim: a death yak (lightly wounded)
You freeze the death yak.
The death yak is lightly wounded.
The wall freezes the death yak.
The death yak gores you!
The wall freezes the death yak.
The death yak gores you!
Okay, then.
Casting: Freeze (safe; 1% risk of failure)
Confirm with . or Enter, or press ? or * to list all spells.
You miscast Swiftness.
You are very lightly contaminated with residual magic.
Nothing appears to happen.
The wall freezes the death yak.
The death yak gores you!
The wall freezes the death yak.
The death yak gores you!
* * * LOW HITPOINT WARNING * * *
Your icy armour and frozen ramparts will break if you move.
Continue?
The wall freezes the death yak.
The death yak barely misses you.
The wall freezes the death yak.
The death yak gores you!
You die...

### #.
#.#####.+
#........
#........
#......$.
+........
#Y.......
#@.......
#Y.......
..#######
####


You could see 2 death yaks.

Vanquished Creatures
  Gastronok (D:10)
  A two-headed ogre (D:10)
  A death yak (D:11)
  An ugly thing (D:10)
  2 gargoyles (D:11)
  A kobold demonologist (D:10)
  5 trolls
  A hornet (D:9)
  Sigmund (D:4)
  4 yaks (D:10)
  3 wraiths
  A wyvern (D:9)
  3 vampire mosquitoes (D:11)
  A basilisk (D:11)
  A steam dragon (D:7)
  Menkaure (D:5)
  5 water moccasins
  Duvessa (D:6)
  6 orc warriors
  2 black bears
  2 sky beasts (D:6)
  An ice beast (D:7)
  2 ogres (D:5)
  6 centaurs
  A phantom (D:5)
  7 kobold brigands
  9 bullfrogs
  A necrophage (D:6)
  11 scorpions
  8 wights
  Dowan (D:6)
  11 killer bees (D:8)
  3 howler monkeys
  2 centaur zombies (Ossuary)
  4 hounds
  7 orc priests
  2 gnoll boudas (D:9)
  3 human zombies (Ossuary)
  4 iguanas
  3 scorpion zombies (Ossuary)
  17 orc wizards
  3 mummies (Ossuary)
  13 gnolls
  4 adders
  A white imp (D:6)
  3 ufetubi (D:6)
  A worm zombie (D:8)
  3 worms (D:2)
  6 dart slugs
  45 orcs
  9 ball pythons
  A bat (D:3)
  7 endoplasms
  4 giant cockroaches
  3 gnoll zombies (Ossuary)
  12 goblins
  5 hobgoblins
  3 jackals (D:4)
  20 kobolds
  4 quokkas
  2 frilled lizards
  A goblin zombie (Ossuary)
  3 hobgoblin zombies (Ossuary)
  A jackal zombie (D:8)
  A kobold zombie (Ossuary)
  An orc zombie (Ossuary)
  7 rats
310 creatures vanquished.

Vanquished Creatures (others)
  2 butterflies (D:8)
2 creatures vanquished.

Grand Total: 312 creatures vanquished

Notes
Turn   | Place    | Note
-------+----------+-------------------------------------------
     0 | D:1      | avis the Demigod Ice Elementalist began the quest for the
                  | Orb.
     0 | D:1      | Reached XP level 1. HP: 14/14 MP: 5/5
    27 | D:1      | Reached skill level 1 in Fighting
   204 | D:1      | Reached XP level 2. HP: 23/23 MP: 7/7
  1548 | D:2      | Reached XP level 3. HP: 29/29 MP: 6/8
  1852 | D:2      | Learned a level 3 spell: Ozocubu's Armour
  2781 | D:3      | Reached XP level 4. HP: 36/36 MP: 7/10
  2828 | D:3      | Learned a level 3 spell: Frozen Ramparts
  3372 | D:3      | You fall into a shaft and drop 3 floors!
  3374 | D:6      | Noticed a sky beast
  3385 | D:6      | Killed a sky beast
  3386 | D:6      | Reached skill level 5 in Ice Magic
  3386 | D:6      | Reached skill level 1 in Ranged Weapons
  3386 | D:6      | Reached XP level 5. HP: 34/41 MP: 5/12
  3468 | D:6      | Found a staircase to the Ecumenical Temple.
  3478 | Temple   | Entered the Ecumenical Temple
  3495 | D:6      | Noticed a water moccasin
  3500 | D:6      | Killed a water moccasin
  3501 | D:6      | Reached skill level 2 in Ranged Weapons
  3501 | D:6      | Reached XP level 6. HP: 43/48 MP: 4/13
  3684 | D:6      | Reached skill level 3 in Ranged Weapons
  3738 | D:6      | Noticed a water moccasin
  3742 | D:6      | Reached XP level 7. HP: 55/55 MP: 7/14
  3742 | D:6      | Noticed Duvessa
  3745 | D:6      | Reached skill level 4 in Ranged Weapons
  3749 | D:6      | Noticed Dowan
  3750 | D:6      | Killed Duvessa
  3766 | D:6      | Killed Dowan
  3769 | D:6      | Reached skill level 5 in Ranged Weapons
  3961 | D:5      | Entered Level 5 of the Dungeon
  5161 | D:4      | Reached XP level 8. HP: 61/61 MP: 17/17
  5583 | D:4      | Noticed Sigmund
  5596 | D:4      | Killed Sigmund
  5597 | D:4      | Reached skill level 6 in Ranged Weapons
  6621 | D:5      | Reached skill level 5 in Spellcasting
  6877 | D:5      | Identified the +3 falchion "Ofueleix" {freeze, rF- rC+
                  | Int+5 Dex+4}
  6963 | D:5      | Reached skill level 7 in Ranged Weapons
  7159 | D:5      | Noticed Menkaure
  7162 | D:5      | Killed Menkaure
  7546 | D:6      | Reached skill level 8 in Ranged Weapons
  8197 | D:7      | Reached XP level 9. HP: 62/67 MP: 20/20
  8430 | D:7      | Got the Anthology of Causality
  8984 | D:7      | Reached skill level 9 in Ranged Weapons
  9669 | D:8      | Reached skill level 10 in Ranged Weapons
  9683 | D:8      | Found a sand-covered staircase.
  9699 | Ossuary  | Entered an ossuary
 10299 | D:8      | Learned a level 3 spell: Swiftness
 10478 | D:8      | Reached XP level 10. HP: 77/77 MP: 21/21
 10743 | D:8      | Reached skill level 11 in Ranged Weapons
 11111 | D:8      | Found Didghikom's Demolitions Depot.
 12134 | D:9      | Reached skill level 12 in Ranged Weapons
 13132 | D:10     | Entered Level 10 of the Dungeon
 13132 | D:10     | Noticed a two-headed ogre
 13137 | D:10     | Noticed a red ugly thing
 13141 | D:10     | Killed a two-headed ogre
 13148 | D:9      | Reached skill level 1 in Air Magic
 13192 | D:10     | Found a staircase to the Orcish Mines.
 13214 | D:10     | Killed a cyan ugly thing
 13411 | D:10     | Reached XP level 11. HP: 72/84 MP: 21/22
 13659 | D:10     | Noticed Gastronok
 13670 | D:10     | Killed Gastronok
 13703 | D:10     | Found Cas Gayx's Distillery.
 14165 | D:10     | Upgraded the game from 0.29-a0-925-g0a7a3d12f8 to
                  | 0.29-a0-962-gc8bbfd0a37
 14383 | D:11     | Found Kaiguusa's Weapon Boutique.
 14467 | D:11     | Reached skill level 5 in Air Magic
 14563 | D:11     | Found Icykeh's Assorted Antiques.
 14597 | D:11     | Found Fetros's Antique Weapon Boutique.
 14706 | D:11     | Bought a runed scimitar for 231 gold pieces
 14839 | D:11     | Found Bekhuziel's Magic Scroll Boutique.
 14900 | D:11     | Bought a glowing scimitar for 175 gold pieces
 14900 | D:11     | Bought a scroll labelled DIWORU QIROO for 25 gold pieces
 14977 | D:11     | Bought a scroll of identify for 20 gold pieces
 14999 | D:11     | Found a staircase to the Lair.
 15052 | D:11     | Found Buifuf's Jewellery Emporium.
 15460 | Lair:1   | Entered Level 1 of the Lair of Beasts
 15460 | Lair:1   | Noticed a death yak
 15464 | Lair:1   | Noticed a death yak
 15465 | Lair:1   | Noticed a death yak
 15477 | D:11     | Killed a death yak
 15726 | Lair:1   | Slain by a death yak

Illustrated notes

Levels and vault maps discovered:
D:1:      psy_arrival_radial01, layout_basic,
          shapermc_ecumenical_altar_mp_ritualfount, minmay_vboxes
D:2:      layout_basic, chequers_serial_rivers_marsh
D:3:      cheibrodos_helix_gallery, layout_loops_corners,
          nicolae_vehumet_radiance, overflow_temple_1_default,
          minmay_parallelograms, minmay_fractal_squares_gapless_5
D:4:      layout_layer_cave, mainiacjoe_overflow_boulevard,
          kennysheep_small_spiral, uniq_sigmund
D:5:      layout_rooms, grunt_dithmenos_shadows, kennysheep_generic_room_16,
          uniq_menkaure
D:6:      layout_basic, minmay_temple_entry_ruins, uniq_duvessa
D:7:      layout_basic
D:8:      layout_basic, nzn_wu_jian_council_hall, general_overflow_altar,
          xom_butterflies, enter_ossuary_3, nicolae_blasting_shop,
          minmay_misc_feat_encased, minmay_circle_x
D:9:      layout_irregular_city, st_stairs_2
D:10:     layout_rooms, kennysheep_mini, kiku_gazebo_pond_becter,
          mainiacjoe_overflow_24_doors, serial_shops, shop, uniq_gastronok
D:11:     layout_roguey, lair_entry_dummy, serial_shops, shop, shop, shop,
          shop_statue, shop_statue, small_statue_alley_a, minmay_misc_feat_x,
          chequers_serial_rivers_marsh, grunt_decor_fettered
Temple:   hc_temple_tempest_star
Lair:1:   layout_roguey, kennysheep_snail_temple, lemuel_fruit_tree,
          grunt_megastairs_2

Skill      XL: |  1  2  3  4  5  6  7  8  9 10 11 |
---------------+----------------------------------+-----
Fighting       | 1 2 3 4 |  4.0
Dodging        | 2 3 4 |  4.0
Stealth        | 2 3 4 |  4.0
Spellcasting   | 2 3 4 5 |  5.0
Ice Magic      | 4 5 6 7 8 |  8.0
Ranged Weapons | 1 2 3 5 8 10 12 | 12.7
Air Magic      | 3 5 |  5.0

Action                   |  1- 3 |  4- 6 |  7- 9 | 10-12 || total
-------------------------+-------+-------+-------+-------++-------
Melee: Unarmed           |     3 |       |       |       ||     3
       Dagger            |    27 |       |       |       ||    27
 Fire: Longbow           |     3 |    33 |   300 |   242 ||   578
 Cast: Freeze            |    59 |     9 |     8 |     1 ||    77
       Ozocubu's Armour  |     3 |     7 |    56 |    52 ||   118
       Frozen Ramparts   |       |     7 |    35 |    40 ||    82
Evoke: Piece from Xom's  |       |       |       |     1 ||     1
  Use: Scroll            |       |     4 |    16 |    11 ||    31
       Potion            |       |       |     2 |     2 ||     4
 Stab: Sleeping          |     6 |       |       |       ||     6
       Distracted        |     1 |       |       |       ||     1
Armor: Robe              |     4 |     8 |    33 |       ||    45
       Leather armour    |       |     5 |    21 |       ||    26
       Steam dragon scal |       |       |    23 |    34 ||    57
Dodge: Dodged            |    33 |    26 |   114 |    73 ||   246

Table legend: (Time is in decaauts)
 A = Elapsed time spent in this place.
 B = Non-inter-level travel time spent in this place.
 C = Inter-level travel time spent in this place.
 D = Time resting spent in this place.
 E = Time spent auto-exploring this place.
 F = Levels seen in this place.
 G = Mean time per level.
                   A        B        C        D        E       F      G
               +--------+--------+--------+--------+--------+-----+--------+
         Total |  15895 |  12229 |   3666 |   5425 |   3642 |  14 | 1135.4 |
       Dungeon |  15002 |  11337 |   3665 |   4974 |   3642 |  11 | 1363.8 |
        Temple |    259 |    258 |      1 |    194 |      0 |   1 |  259.0 |
          Lair |     20 |     20 |      0 |      0 |      0 |   1 |   20.0 |
       Ossuary |    612 |    612 |      0 |    257 |      0 |   1 |  612.0 |
               +--------+--------+--------+--------+--------+-----+--------+

Top non-repeatable levels by time:
     D:1: 1572 daAuts
     D:3: 1549 daAuts
     D:8: 1547 daAuts
     D:4: 1545 daAuts
     D:7: 1467 daAuts
    D:11: 1355 daAuts
     D:9: 1301 daAuts
     D:6: 1246 daAuts
    D:10: 1184 daAuts
     D:2: 1161 daAuts
     D:5: 1071 daAuts
 Ossuary: 612 daAuts
  Temple: 259 daAuts
  Lair:1: 20 daAuts
